 Dungeon Crawl Stone Soup version 0.28.0-43-g3370ac3207 (webtiles) character file.

Game seed: 5936029101316881779

301 tizbic2 the Skirmisher (level 6, -6/63 HPs)
             Began as an Ogre Transmuter on Mar 8, 2022.
             Was a Believer of Nemelex Xobeh.
             Mangled by a killer bee (8 damage)
             ... on level 4 of the Dungeon.
             The game lasted 00:14:26 (3663 turns).

tizbic2 the Skirmisher (Ogre Transmuter)            Turns: 3663, Time: 00:14:27

Health: -6/63      AC:  3    Str: 17    XL:     6   Next: 37%
Magic:  8/11       EV: 10    Int: 14    God:    Nemelex Xobeh [**....]
Gold:   133        SH:  0    Dex: 11    Spells: 8/12 levels left

rFire   . . .      SeeInvis .   l - +4 dagger (drain)
rCold   . . .      Faith    .   (no shield)
rNeg    . . .      Spirit   .   a - +0 robe
rPois   .          Reflect  .   h - +0 hat
rElec   .          Harm     .   (no cloak)
rCorr   .          Rampage  .   (gloves unavailable)
Will    .....                   (boots unavailable)
Stlth   +.........              (no amulet)
HPRegen 0.20/turn               k - ring of flight
MPRegen 0.12/turn               (no ring)

@: lethally poisoned (-6 -> -11), flying
A: large, unfitting armour, tough skin 1, agile 1
a: Renounce Religion, Draw Escape, Draw Destruction, Draw Summoning


You were on level 4 of the Dungeon.
You worshipped Nemelex Xobeh.
Nemelex Xobeh was pleased with you.
You visited 1 branch of the dungeon, and saw 4 of its levels.

You collected 133 gold pieces.

Inventory:

Hand Weapons
 l - a +4 dagger of draining (weapon)
Missiles
 b - 97 stones (quivered)
 m - 3 large rocks
Armour
 a - a +0 robe (worn)
 h - a +0 hat (worn)
Jewellery
 k - a ring of flight (left hand)
Wands
 g - a wand of iceblast (11)
Scrolls
 c - a scroll of silence {unknown}
 e - a scroll of magic mapping
 f - a scroll of immolation
 j - 3 scrolls of identify


   Skills:
 * Level 4.5 Fighting
 + Level 2.6 Dodging
 + Level 3.3 Unarmed Combat
 + Level 3.5 Spellcasting
 * Level 3.5 Transmutations


You had 8 spell levels left.
You knew the following spells:

 Your Spells              Type           Power      Damage    Failure   Level
a - Beastly Appendage     Tmut           24%        N/A       4%          1
b - Spider Form           Tmut/Pois      7%         N/A       30%         3

Your spell library contained the following spells:

 Spells                   Type           Power      Damage    Failure   Level
 Wereblood                Tmut           12%        N/A       8%          2
 Static Discharge         Conj/Air       2%         N/A       30%         2
 Ice Form                 Ice/Tmut       7%         N/A       69%         4
 Dispel Undead            Necr           2%         3d7       90%         4
 Sticky Flame             Conj/Fire      2%         2d3       90%         4


Dungeon Overview and Level Annotations

Branches:
Dungeon (4/15)
 Temple: D:4-7

Altars:
Kikubaaqudgha
Nemelex Xobeh
Okawaru

Shops:
D:1 (


Innate Abilities, Weirdness & Mutations

You are too large for most types of armour.
You have tough skin. (AC +1)
You are agile. (Dex +2)


Message History

The killer bee looks as sick as possible!
The killer bee is almost dead.
You feel sick.
You kill the killer bee!
The killer bee stings you.
* * * LOW HITPOINT WARNING * * *
You are lethally poisoned!
The killer bee poisons you!
You have reached level 6!
You feel stronger.
You feel better. The killer bee closely misses you. The killer bee stings you!
* * * LOW HITPOINT WARNING * * *
You bite the killer bee!
The killer bee is poisoned.
The killer bee is heavily wounded.
The killer bee stings you but does no damage.
The killer bee barely misses you.
You bite the killer bee!
You kill the killer bee!
Your transformation has ended.
Your +4 dagger of draining unmelds from your body.
Your +0 hat unmelds from your body.
Your +0 robe unmelds from your body.
You sense an unholy aura.
The killer bee closely misses you.
You hit the killer bee.
The killer bee is moderately wounded.
The killer bee closely misses you. The killer bee stings you!
* * * LOW HITPOINT WARNING * * *
It was a potion of mutation.
You feel extremely strange.
You feel yourself wasting away.
You feel healthier.
You feel agile. The killer bee stings you!
* * * LOW HITPOINT WARNING * * *
You are lethally poisoned!
The killer bee poisons you! The killer bee closely misses you.
You hit the killer bee.
The killer bee is heavily wounded.
* * * LOW HITPOINT WARNING * * *
You feel sick.
The killer bee stings you but does no damage.
The killer bee stings you!
You die...
Your body disappears without a glow.

...# #y..# ...#
...#
#.########...#
...........y.###.
..###.Zy.<......#
#.#y###..###.
#.#@# .... #
#..........
######.##.. #


You could see 2 killer bees and a centaur skeleton.

Vanquished Creatures
  3 killer bees (D:4)
  A centaur zombie (D:3)
  7 adders
  2 dart slugs
  An orc (D:3)
  4 ball pythons
  6 bats
  7 endoplasms
  3 giant cockroaches
  8 goblins
  8 hobgoblins
  4 quokkas
  2 frilled lizards (D:1)
  8 kobolds
  5 rats
69 creatures vanquished.

Notes
Turn   | Place    | Note
-------+----------+-------------------------------------------
     0 | D:1      | tizbic2 the Ogre Transmuter began the quest for the Orb.
     0 | D:1      | Reached XP level 1. HP: 19/19 MP: 3/3
   660 | D:1      | Reached XP level 2. HP: 25/28 MP: 2/5
   692 | D:1      | Reached skill level 2 in Fighting
   812 | D:1      | Found Hyrgh's Weapon Emporium.
   996 | D:1      | Reached XP level 3. HP: 28/36 MP: 6/6
  1448 | D:1      | Found a faded altar of an unknown god.
  1452 | D:1      | Prayed at the altar of an unknown god.
  1452 | D:1      | Became a worshipper of Nemelex Xobeh the Trickster
  1452 | D:1      | Reached * piety under Nemelex Xobeh
  1452 | D:1      | Received a gift from Nemelex Xobeh
  2016 | D:2      | Reached skill level 3 in Fighting
  2016 | D:2      | Reached XP level 4. HP: 33/45 MP: 6/8
  2302 | D:2      | Received a gift from Nemelex Xobeh
  2479 | D:2      | Reached ** piety under Nemelex Xobeh
  2551 | D:2      | Learned a level 3 spell: Spider Form
  2815 | D:3      | Found an ancient bone altar of Kikubaaqudgha.
  2890 | D:3      | Reached XP level 5. HP: 53/53 MP: 9/9
  3080 | D:3      | Found an iron altar of Okawaru.
  3656 | D:4      | Reached skill level 4 in Fighting
  3658 | D:4      | Reached XP level 6. HP: 18/63 MP: 7/11
  3662 | D:4      | Gained mutation: Your body sometimes deteriorates upon
                  | taking damage. [potion of mutation]
  3662 | D:4      | Lost mutation: Your body sometimes deteriorates upon taking
                  | damage. [potion of mutation]
  3662 | D:4      | Gained mutation: You are agile. (Dex +2) [potion of
                  | mutation]
  3663 | D:4      | HP: 2/63 [poisoned by a killer bee]
  3663 | D:4      | Mangled by a killer bee

Illustrated notes

Levels and vault maps discovered:
D:1:      matt_arrival_spirals, layout_basic, serial_shops,
          nicolae_lakefront_shop, shapermc_ecumenical_altar_venn
D:2:      layout_basic, serial_glass, glass_columns_a, glass_columns_b,
          feat_on_display, corexii_leaking_fountain
D:3:      kennysheep_big_flooded_room, layout_basic, okawaru_trees_1,
          mainiacjoe_overflow_alcove_2, serial_glass, glass_columns_a,
          glass_columns_a
D:4:      layout_loops_ring, ashenzari_altar_1, ebering_ghost_disaster_area,
          nicolae_ossuary_entry_catacombs, minmay_manual_moon

Skill      XL: |  1  2  3  4  5 |
---------------+----------------+-----
Transmutations | 2 3 |  3.5
Fighting       | 2 3 4 |  4.5
Dodging        | 2 |  2.6
Unarmed Combat | 3 |  3.3
Spellcasting   | 3 |  3.5

Action                   |  1- 3 |  4- 6 || total
-------------------------+-------+-------++-------
Melee: Club              |    37 |       ||    37
       Unarmed           |     5 |    38 ||    43
       Kick              |    15 |     3 ||    18
       Staff             |   103 |    55 ||   158
       Headbutt          |     5 |     8 ||    13
       Punch             |     2 |     1 ||     3
       Dagger            |       |     6 ||     6
Throw: Stone             |       |     2 ||     2
 Cast: Beastly Appendage |    17 |    12 ||    29
       Spider Form       |       |     6 ||     6
Invok: Draw Destruction  |       |     2 ||     2
  Use: Scroll            |       |     3 ||     3
       Potion            |       |     2 ||     2
Armor: Robe              |    81 |    25 ||   106
       Skin              |       |     7 ||     7
Dodge: Dodged            |   117 |    76 ||   193
